Workbook

Sheet 経費
A1: 日付 | B1: 店名・支払先 | C1: 品目 | D1: 金額 | E1: 仕事/個人 | F1: 仕事の割合(%) | G1: 仕事の支出 | H1: カテゴリ | I1: 勘定科目 | J1: 確認 | K1: レシート | L1: メモ | M1: 元の通貨 | N1: 元の金額
G2: =IF(D2="","",IF(E2="仕事用",D2,IF(E2="仕事と個人",ROUNDDOWN(D2*IF(F2="",50,F2)/100,0),0))) | I2: =IF(OR(H2="",AND(E2<>"仕事用",E2<>"仕事と個人")),"",IFERROR(VLOOKUP(H2,'リスト'!$A$2:$B$21,2,FALSE),""))
G3: =IF(D3="","",IF(E3="仕事用",D3,IF(E3="仕事と個人",ROUNDDOWN(D3*IF(F3="",50,F3)/100,0),0))) | I3: =IF(OR(H3="",AND(E3<>"仕事用",E3<>"仕事と個人")),"",IFERROR(VLOOKUP(H3,'リスト'!$A$2:$B$21,2,FALSE),""))
G4: =IF(D4="","",IF(E4="仕事用",D4,IF(E4="仕事と個人",ROUNDDOWN(D4*IF(F4="",50,F4)/100,0),0))) | I4: =IF(OR(H4="",AND(E4<>"仕事用",E4<>"仕事と個人")),"",IFERROR(VLOOKUP(H4,'リスト'!$A$2:$B$21,2,FALSE),""))
G5: =IF(D5="","",IF(E5="仕事用",D5,IF(E5="仕事と個人",ROUNDDOWN(D5*IF(F5="",50,F5)/100,0),0))) | I5: =IF(OR(H5="",AND(E5<>"仕事用",E5<>"仕事と個人")),"",IFERROR(VLOOKUP(H5,'リスト'!$A$2:$B$21,2,FALSE),""))
G6: =IF(D6="","",IF(E6="仕事用",D6,IF(E6="仕事と個人",ROUNDDOWN(D6*IF(F6="",50,F6)/100,0),0))) | I6: =IF(OR(H6="",AND(E6<>"仕事用",E6<>"仕事と個人")),"",IFERROR(VLOOKUP(H6,'リスト'!$A$2:$B$21,2,FALSE),""))
G7: =IF(D7="","",IF(E7="仕事用",D7,IF(E7="仕事と個人",ROUNDDOWN(D7*IF(F7="",50,F7)/100,0),0))) | I7: =IF(OR(H7="",AND(E7<>"仕事用",E7<>"仕事と個人")),"",IFERROR(VLOOKUP(H7,'リスト'!$A$2:$B$21,2,FALSE),""))
G8: =IF(D8="","",IF(E8="仕事用",D8,IF(E8="仕事と個人",ROUNDDOWN(D8*IF(F8="",50,F8)/100,0),0))) | I8: =IF(OR(H8="",AND(E8<>"仕事用",E8<>"仕事と個人")),"",IFERROR(VLOOKUP(H8,'リスト'!$A$2:$B$21,2,FALSE),""))
G9: =IF(D9="","",IF(E9="仕事用",D9,IF(E9="仕事と個人",ROUNDDOWN(D9*IF(F9="",50,F9)/100,0),0))) | I9: =IF(OR(H9="",AND(E9<>"仕事用",E9<>"仕事と個人")),"",IFERROR(VLOOKUP(H9,'リスト'!$A$2:$B$21,2,FALSE),""))
G10: =IF(D10="","",IF(E10="仕事用",D10,IF(E10="仕事と個人",ROUNDDOWN(D10*IF(F10="",50,F10)/100,0),0))) | I10: =IF(OR(H10="",AND(E10<>"仕事用",E10<>"仕事と個人")),"",IFERROR(VLOOKUP(H10,'リスト'!$A$2:$B$21,2,FALSE),""))
G11: =IF(D11="","",IF(E11="仕事用",D11,IF(E11="仕事と個人",ROUNDDOWN(D11*IF(F11="",50,F11)/100,0),0))) | I11: =IF(OR(H11="",AND(E11<>"仕事用",E11<>"仕事と個人")),"",IFERROR(VLOOKUP(H11,'リスト'!$A$2:$B$21,2,FALSE),""))
G12: =IF(D12="","",IF(E12="仕事用",D12,IF(E12="仕事と個人",ROUNDDOWN(D12*IF(F12="",50,F12)/100,0),0))) | I12: =IF(OR(H12="",AND(E12<>"仕事用",E12<>"仕事と個人")),"",IFERROR(VLOOKUP(H12,'リスト'!$A$2:$B$21,2,FALSE),""))
G13: =IF(D13="","",IF(E13="仕事用",D13,IF(E13="仕事と個人",ROUNDDOWN(D13*IF(F13="",50,F13)/100,0),0))) | I13: =IF(OR(H13="",AND(E13<>"仕事用",E13<>"仕事と個人")),"",IFERROR(VLOOKUP(H13,'リスト'!$A$2:$B$21,2,FALSE),""))
... G1001: =IF(D1001="","",IF(E1001="仕事用",D1001,IF(E1001="仕事と個人",ROUNDDOWN(D1001*IF(F1001="",50,F1001)/100,0),0))) | I1001: =IF(OR(H1001="",AND(E1001<>"仕事用",E1001<>"仕事と個人")),"",IFERROR(VLOOKUP(H1001,'リスト'!$A$2:$B$21,2,FALSE),""))

Sheet 売上
A1: 日付 | B1: 取引先 | C1: 取引先の住所 | D1: 内容 | E1: 金額 | F1: 源泉徴収税額 | G1: 振り込まれる金額 | H1: 入金日 | I1: メモ
G2: =IF(E2="","",E2-N(F2))
G3: =IF(E3="","",E3-N(F3))
G4: =IF(E4="","",E4-N(F4))
G5: =IF(E5="","",E5-N(F5))
G6: =IF(E6="","",E6-N(F6))
G7: =IF(E7="","",E7-N(F7))
G8: =IF(E8="","",E8-N(F8))
G9: =IF(E9="","",E9-N(F9))
G10: =IF(E10="","",E10-N(F10))
G11: =IF(E11="","",E11-N(F11))
G12: =IF(E12="","",E12-N(F12))
G13: =IF(E13="","",E13-N(F13))
... G1001: =IF(E1001="","",E1001-N(F1001))

Sheet 使い方
A1: kehi に取り込むテンプレートの使い方
A3: 1. 記入する
A4: 「経費」「売上」のシートに、2行目から1件ずつ記入します。1行目（見出し）は消したり変えたりしないでください。
A5: 緑の見出しの列に入力します。灰色の見出しの列は、自動で入るか、取り込むときに使わない列です。
A6: 仕事/個人・カテゴリ・元の通貨は、セルを選ぶと出るプルダウンから選びます。
A7: Google スプレッドシートで使うときは、このファイルを Google ドライブにアップロードして開き、ファイル →「Google スプレッドシートとして保存」を選びます。
A9: 2. CSV に書き出す
A10: Excel：「経費」か「売上」のシートを開いた状態で、ファイル → 名前を付けて保存 → ファイルの種類「CSV UTF-8（コンマ区切り）」で保存します。
A11: Google スプレッドシート：「経費」か「売上」のシートを開いた状態で、ファイル → ダウンロード → カンマ区切り形式（.csv）を選びます。
A12: 開いているシートだけが CSV になります。経費と売上は、別々に書き出してください。
A14: 3. kehi に取り込む
A15: CSV を iCloud Drive に入れるか、AirDrop で iPhone に送ります。
... A24: 申告準備から書き出した CSV も、同じ列の並びです。表計算で直してから、そのまま取り込み直せます。

Sheet リスト
A1: カテゴリ | B1: 勘定科目 | D1: 仕事/個人
A2: 仕事の道具・備品 | B2: 消耗品費 | D2: 仕事用
A3: 高額な機材・PC | B3: 減価償却費 | D3: 仕事と個人
A4: 交通・出張 | B4: 旅費交通費 | D4: 個人用
A5: 通信・ネット・サブスク | B5: 通信費
A6: 電気・ガス・水道 | B6: 水道光熱費
A7: 自宅の家賃（仕事分） | B7: 地代家賃
A8: 事務所・スタジオ・倉庫 | B8: 地代家賃
A9: 打ち合わせ・接待 | B9: 接待交際費
A10: 会議・カフェ作業 | B10: 会議費
A11: 広告 | B11: 広告宣伝費
A12: 外注 | B12: 外注工賃
A13: 配送・送料 | B13: 荷造運賃
A14: 修理 | B14: 修繕費
A15: 保険（仕事用） | B15: 損害保険料
A16: 税金・印紙（仕事用） | B16: 租税公課
... A21: その他 | B21: 雑費
